AoeStats
← Thorshammerpådinmor

Arabia

510352372Analyzed
1v1 RM · 23h ago on Sep 30, 2026· 57m 54s· 2 players
Game mode
Random Map
Map size
Tiny (2 player)
Population
200
Speed
Normal
Resources
Standard
Victory
Conquest
Starting age
Dark Age
Ending age
Imperial Age
RankedLock teamsTeams togetherTeam positionsShared explorationLock speedFull tech treeHidden civsTurbo modeCheats
Victory
Defeat
🇪🇸 Goths · Spain
885
+16
🇩🇰 Mongols · Denmark
895
-16
WeedToco
11:29 Feudal Age
9:48 Loom
11:34 Feudal Age
11:39 Man-at-Arms
20:16 Double-Bit Axe
26:29 Castle Age
26:33 Long Swordsman
26:35 Pikeman
34:39 Scale Mail Armor
40:01 Wheelbarrow
39:42 Bow Saw
39:14 Horse Collar
41:02 Anarchy
45:01 Heavy Plow
Thorshammerpådinmor
3:26 Loom
10:29 Feudal Age
13:57 Bloodlines
21:06 Castle Age
38:28 Fletching
38:38 Padded Archer Armor
45:43 Imperial Age
43:15 Bodkin Arrow
43:36 Leather Archer Armor
53:02 Elite Mangudai
57:10 Light Cavalry
Connection lost

Rejoining the realm…

Still unreachable

The connection could not be restored.

Session expired

The server has moved on; the page needs a fresh start.